 Dungeon Crawl Stone Soup version 0.20.1-1-g8b1a95d (webtiles) character file.

252 raph the Grave Robber (level 5, -3/42 HPs)
             Began as a Deep Dwarf Necromancer on Nov 3, 2017.
             Killed from afar by Natasha (8 damage)
             ... with a magic dart
             ... on level 4 of the Dungeon.
             The game lasted 00:09:12 (3712 turns).

raph the Grave Robber (Deep Dwarf Necromancer)      Turns: 3712, Time: 00:09:13

Health: -3/42      AC:  4    Str: 12    XL:     5   Next: 89%
Magic:  2/8        EV: 13    Int: 16    God:
Gold:   163        SH:  0    Dex: 13    Spells: 4/9 levels left

rFire    . . .     SeeInvis .   y - +2 dagger (venom)
rCold    . . .     Gourm    .   (no shield)
rNeg     . . .     Faith    +   v - +0 leather armour
rPois    .         Spirit   .   (no helmet)
rElec    .         Reflect  .   (no cloak)
rCorr    .         Harm     .   (no gloves)
MR       .....                  w - +0 pair of boots
Stlth    ++........             n - amulet of faith
Regen    0.0/turn               (no ring)
MPRegen  0.2/turn               (no ring)

@: non-regenerating, slowed, very slow
A: damage resistance, heal wounds, sense surroundings 1, no regeneration
a: Heal Wounds


You were on level 4 of the Dungeon.
You were hungry.

You visited 1 branch of the dungeon, and saw 4 of its levels.

You collected 163 gold pieces.

Inventory:

Hand Weapons
 l - a -1 dagger
 t - a cursed -3 dagger
 x - a +0 war axe
 y - a +2 dagger of venom (weapon)
Missiles
 k - 6 javelins (quivered)
 z - 6 exploding tomahawks
Armour
 a - a +0 robe
 v - a +0 leather armour (worn)
 w - a +0 pair of boots (worn)
Jewellery
 n - an amulet of faith (around neck)
Wands
 m - a wand of digging (24/24)
Scrolls
 e - a scroll of amnesia
 g - a scroll of fear
 h - a scroll of remove curse
 o - 2 scrolls of immolation
 r - a scroll of recharging
Potions
 d - a potion of might {unknown}
 p - a potion of agility {unknown}
 q - 2 potions of curing
 s - a potion of lignification {unknown}
 u - a potion of ambrosia {unknown}
Books
 b - a book of Necromancy

   Spells                             Type                      Level
   a - Pain                           Necromancy                   1
   b - Animate Skeleton               Necromancy                   1
   c - Vampiric Draining              Necromancy                   3
   d - Regeneration                   Charms/Necromancy            3
   e - Animate Dead                   Necromancy                   4
   f - Control Undead                 Necromancy                   4
Comestibles
 c - a bread ration
 f - 4 meat rations
 i - 5 chunks of flesh
 j - a royal jelly


   Skills:
 + Level 1.2 Armour
 + Level 3.5 Dodging
 + Level 4.0 Stealth
 + Level 2.5 Spellcasting
 * Level 6.0 Necromancy


You had 4 spell levels left.
You knew the following spells:

 Your Spells              Type           Power        Failure   Level  Hunger
a - Pain                  Necr           ###.         1%          1    #......
b - Animate Skeleton      Necr           N/A          1%          1    #......
c - Vampiric Draining     Necr           ###.......   6%          3    ###....


Dungeon Overview and Level Annotations

Branches:
Dungeon (4/15)
 Temple: D:4-7

Altars:
Cheibriados
Nemelex Xobeh
Zin

Annotations:
D:3 raph's ghost, weakling DDNe
D:4 Natasha


Innate Abilities, Weirdness & Mutations

You are resistant to damage.
You can heal yourself by infusing magical energy.
You passively map a small area around you.
You do not regenerate.


Message History

The magic dart hits you!
The orc wizard casts a spell.
The orc wizard blinks!
The orc wizard gestures at you while chanting.
The magic dart hits you!
Natasha stares at you and mumbles some strange words.
You easily resist.
The orc wizard gestures at you while chanting.
The magic dart hits you!
* * * LOW HITPOINT WARNING * * *
The orc wizard casts a spell.
The orc wizard blinks!
Natasha casts a spell at you. The magic dart hits you!
* * * LOW HITPOINT WARNING * * *
Unknown command.
You barely miss Natasha.
Natasha stares at you and mumbles some strange words.
The magic dart hits you!
You die...

* *, *####### #########,,
........## #........
..........## #........,
...........# #........ ,
...........########ยง.......
, ............)(.)@h.........
, ?..........########........
............#######......$..
......[..o.................)
,
.........o#######...........
, .........................%.
, ..........#.5..............
, ,
.$#.....o(#............##..*
*. .
##.......>......##..%.#.##*..


You could see Natasha.

Vanquished Creatures
  An orc wizard (D:4)
  An orc priest (D:3)
  A hound (D:4)
  Jessica (D:3)
  Natasha (D:4)
  2 adders (D:2)
  An ooze (D:2)
  A dart slug (D:2)
  3 leopard geckos
  9 orcs
  2 ball pythons
  4 giant cockroaches
  6 goblins
  6 hobgoblins
  3 jackals
  3 quokkas (D:2)
  7 bats
  9 frilled lizards
  7 kobolds
  9 rats
77 creatures vanquished.

Vanquished Creatures (collateral kills)
  A leopard gecko (D:2)
  An orc (D:2)
  A goblin (D:1)
  2 frilled lizards
5 creatures vanquished.

Grand Total: 82 creatures vanquished

Notes
Turn   | Place    | Note
-------+----------+-------------------------------------------
     0 | D:1      | raph the Deep Dwarf Necromancer began the quest for the Orb.
     0 | D:1      | Reached XP level 1. HP: 15/15 MP: 3/3
    71 | D:1      | Learned a level 1 spell: Animate Skeleton
   357 | D:1      | Reached XP level 2. HP: 22/22 MP: 2/4
  1273 | D:2      | Reached XP level 3. HP: 26/28 MP: 2/6
  1295 | D:2      | Learned a level 3 spell: Vampiric Draining
  1330 | D:2      | Found a glowing silver altar of Zin.
  1456 | D:2      | Found a snail-covered altar of Cheibriados.
  1731 | D:2      | Reached skill level 5 in Necromancy
  2060 | D:2      | Reached XP level 4. HP: 29/36 MP: 2/7
  2851 | D:3      | Noticed raph's ghost (weakling DDNe)
  2983 | D:3      | Found a sparkling altar of Nemelex Xobeh.
  3363 | D:3      | Noticed Jessica
  3375 | D:3      | Killed Jessica
  3375 | D:3      | Reached XP level 5. HP: 9/42 MP: 1/8
  3647 | D:4      | Noticed Natasha
  3669 | D:4      | Reached skill level 1 in Armour
  3685 | D:4      | Killed Natasha
  3685 | D:4      | Reached skill level 6 in Necromancy
  3703 | D:4      | Noticed Natasha
  3705 | D:4      | HP: 2/42 [Natasha/magic dart (8)]
  3712 | D:4      | Killed from afar by Natasha

Skill      XL: |  1  2  3  4  5 |
---------------+----------------+-----
Spellcasting   | 2 |  2.5
Stealth        | 3 4 |  4.0
Necromancy     | 5 6 |  6.0
Dodging        | 3 |  3.5
Armour         | 1 |  1.2

Action                   |  1- 3 |  4- 6 || total
-------------------------+-------+-------++-------
Melee: Unarmed           |     6 |       ||     6
       Dagger            |    24 |    54 ||    78
Throw: Javelin           |       |     1 ||     1
 Cast: Pain              |    60 |    30 ||    90
       Animate Skeleton  |    16 |    17 ||    33
       Vampiric Draining |     5 |    21 ||    26
 Abil: Heal Wounds       |       |     1 ||     1
  Use: Scroll            |       |     6 ||     6
 Stab: Sleeping          |     4 |       ||     4
  Eat: Chunk             |     5 |     8 ||    13
Armor: Robe              |     8 |     5 ||    13
       Leather armour    |       |    19 ||    19
Dodge: Dodged            |    22 |    69 ||    91
